General information
- name: BNet
- type: Ladder team game (AT/RT)
- host: Battle.net
- saver: DanielCormier
map: GoldRush
- players: 8
- length: 21:16
- speed: Fast
- version: 1.30 W3XP
- replay type: Public
» download(269 KB)
Players
team 1 (loser)
DanielCormier (
green | 170 APM | 3612 actions | 21:16)
5 Far Seer
3 Feral Spirit
2 Chain Lighting
3 Shadow Hunter
2 Hex
1 Healing Wave
2 Pandaren Brewmaster
1 Drunken Haze
1 Breath of Fire
» actions
| Assign group hotkey | 44 | |
| Basic commands | 187 | |
| Build / train | 82 | |
| ESC pressed | 4 | |
| Enter build submenu | 24 | |
| Enter hero's abilities submenu | 11 | |
| Remove unit from queue | 1 | |
| Right click | 1784 | |
| Select / deselect | 644 | |
| Select group hotkey | 705 | |
| Use ability | 126 | |
3612 total
» units
| Peon | 20 | |
| Troll Headhunter/Berserker | 6 | |
| Wind Rider | 9 | |
| Troll Batrider | 7 | |
42 total
» upgrades
| Reinforced Defenses | 1 | |
| Envenomed Spears | 1 | |
| Armor | 1 | |
| Ranged Weapons | 2 | |
5 total
» buildings
| Altar of Storms | 1 | |
| Orc Burrow | 4 | |
| War Mill | 2 | |
| Barracks | 1 | |
| Voodoo Lounge | 1 | |
| Great Hall | 2 | |
| Stronghold | 1 | |
| Fortress | 1 | |
| Beastiary | 3 | |
| Watch Tower | 8 | |
24 total
» build order
00:03 Altar of Storms
00:05 Orc Burrow
00:23 War Mill
01:04 Barracks
01:53 Voodoo Lounge
02:22 Orc Burrow
03:35 Great Hall
04:31 Stronghold
04:50 Orc Burrow
05:34 Great Hall
07:10 Fortress
07:31 Beastiary
08:09 Beastiary
13:07 Watch Tower
13:08 Watch Tower
14:20 Watch Tower
14:21 Watch Tower
14:48 Watch Tower
16:14 Watch Tower
16:49 Watch Tower
17:43 Orc Burrow
19:57 Beastiary
20:15 Watch Tower
20:19 War Mill
» items
| Healing Salve | 2 | |
| Scroll of Regeneration | 1 | |
| Scroll of Town Portal | 3 | |
| Lesser Clarity Potion | 6 | |
| Potion of Mana | 3 | |
| Orb of Lightning | 1 | |
| Potion of Healing | 1 | |
17 total
MovieStar (
pink | 77 APM | 1624 actions | 21:02)
5 Death Knight
2 Death Coil
3 Unholy Aura
4 Lich
2 Frost Nova
2 Frost Armor
2 Crypt Lord
1 Impale
1 Spiked Carapace
» actions
| Assign group hotkey | 47 | |
| Basic commands | 58 | |
| Build / train | 79 | |
| ESC pressed | 9 | |
| Enter build submenu | 20 | |
| Enter hero's abilities submenu | 11 | |
| Give item / drop item | 4 | |
| Right click | 631 | |
| Select / deselect | 277 | |
| Select group hotkey | 400 | |
| Use ability | 88 | |
1624 total
» units
| Acolyte | 15 | |
| Ghoul | 4 | |
| Crypt Fiend | 10 | |
| Frost Wyrm | 8 | |
37 total
» upgrades
| Creature Attack | 3 | |
| Creature Carapace | 1 | |
| Web | 1 | |
5 total
» buildings
| Crypt | 1 | |
| Ziggurat | 9 | |
| Altar of Darkness | 1 | |
| Graveyard | 1 | |
| Tomb of Relics | 1 | |
| Halls of the Dead | 1 | |
| Necropolis | 3 | |
| Spirit Tower | 1 | |
| Sacrificial Pit | 1 | |
| Black Citadel | 1 | |
| Boneyard | 3 | |
23 total
» build order
00:16 Crypt
00:22 Ziggurat
00:39 Altar of Darkness
00:58 Graveyard
01:39 Tomb of Relics
01:52 Ziggurat
04:01 Ziggurat
06:17 Halls of the Dead
06:39 Ziggurat
07:12 Ziggurat
08:03 Necropolis
08:05 Ziggurat
08:13 Spirit Tower
08:41 Necropolis
09:35 Necropolis
09:49 Sacrificial Pit
10:19 Black Citadel
10:35 Ziggurat
13:21 Boneyard
13:23 Boneyard
13:24 Boneyard
15:07 Ziggurat
17:21 Ziggurat
» items
| Rod of Necromancy | 2 | |
| Sacrificial Skull | 2 | |
| Periapt of Vitality | 1 | |
| Potion of Mana | 2 | |
| Potion of Healing | 2 | |
| Orb of Corruption | 1 | |
| Scroll of Healing | 1 | |
| Scroll of Town Portal | 5 | |
| Scroll of Regeneration | 1 | |
17 total
QWRN (
red | 37 APM | 792 actions | 21:09)
3 Death Knight
2 Death Coil
1 Unholy Aura
1 Dark Ranger
1 Black Arrow
» actions
| Build / train | 51 | |
| Enter build submenu | 24 | |
| Enter hero's abilities submenu | 4 | |
| Right click | 418 | |
| Select / deselect | 258 | |
| Use ability | 37 | |
792 total
» units
| Acolyte | 14 | |
| Ghoul | 4 | |
| Crypt Fiend | 6 | |
24 total
» upgrades
| Creature Carapace | 2 | |
| Creature Attack | 2 | |
| Web | 1 | |
5 total
» buildings
| Altar of Darkness | 2 | |
| Ziggurat | 13 | |
| Crypt | 2 | |
| Graveyard | 1 | |
| Nerubian Tower | 6 | |
| Halls of the Dead | 1 | |
| Spirit Tower | 6 | |
| Tomb of Relics | 1 | |
| Necropolis | 2 | |
| Black Citadel | 1 | |
35 total
» build order
01:16 Altar of Darkness
01:19 Ziggurat
01:21 Crypt
01:24 Crypt
01:28 Graveyard
02:51 Ziggurat
02:55 Ziggurat
03:01 Nerubian Tower
04:10 Halls of the Dead
04:15 Nerubian Tower
05:33 Ziggurat
07:08 Spirit Tower
07:33 Tomb of Relics
07:49 Ziggurat
10:20 Ziggurat
10:23 Ziggurat
10:36 Ziggurat
10:39 Ziggurat
11:16 Spirit Tower
11:19 Necropolis
11:23 Ziggurat
11:30 Spirit Tower
11:30 Nerubian Tower
11:34 Ziggurat
11:37 Ziggurat
12:09 Nerubian Tower
12:38 Black Citadel
12:40 Nerubian Tower
12:43 Spirit Tower
13:06 Spirit Tower
13:41 Ziggurat
14:05 Spirit Tower
19:54 Necropolis
19:57 Altar of Darkness
19:58 Nerubian Tower
» items
| Scroll of Town Portal | 1 | |
| Potion of Healing | 1 | |
2 total

»
BurntOutArchmag (
teal | 76 APM | 1579 actions | 20:53)
3 Archmage
2 Blizzard
1 Brilliance Aura
2 Paladin
1 Holy Light
1 Divine Shield
» actions
| Assign group hotkey | 44 | |
| Basic commands | 64 | |
| Build / train | 109 | |
| Enter build submenu | 18 | |
| Enter hero's abilities submenu | 5 | |
| Give item / drop item | 1 | |
| Remove unit from queue | 1 | |
| Right click | 423 | |
| Select / deselect | 316 | |
| Select group hotkey | 503 | |
| Use ability | 95 | |
1579 total
» units
| Peasant | 49 | |
| Footman | 18 | |
| Spell Breaker | 6 | |
| Knight | 6 | |
79 total
» upgrades
| Defend | 1 | |
| Lumber Harvesting | 2 | |
| Animal War Training | 1 | |
4 total
» buildings
| Barracks | 2 | |
| Farm | 13 | |
| Altar of Kings | 1 | |
| Scout Tower | 1 | |
| Arcane Vault | 1 | |
| Arcane Tower | 2 | |
| Town Hall | 2 | |
| Lumber Mill | 1 | |
| Keep | 3 | |
| Blacksmith | 1 | |
| Castle | 1 | |
| Arcane Sanctum | 2 | |
| Workshop | 1 | |
31 total
» build order
00:27 Barracks
00:31 Farm
00:32 Farm
00:57 Altar of Kings
01:38 Scout Tower
01:47 Arcane Vault
01:54 Farm
01:55 Farm
02:22 Arcane Tower
02:22 Arcane Tower
02:44 Farm
04:01 Town Hall
04:36 Lumber Mill
05:09 Barracks
06:48 Keep
06:48 Keep
06:49 Keep
07:09 Farm
07:10 Farm
07:10 Farm
07:10 Farm
07:10 Farm
07:10 Farm
07:10 Farm
07:11 Farm
07:17 Blacksmith
09:47 Castle
10:41 Arcane Sanctum
12:57 Town Hall
13:13 Workshop
13:21 Arcane Sanctum
» items
| Scroll of Regeneration | 4 | |
| Scroll of Town Portal | 1 | |
| Potion of Healing | 4 | |
| Lesser Clarity Potion | 1 | |
10 total
team 2 (winner)

»
solo[warrior] (
orange | 58 APM | 1234 actions | 21:16)
6 Keeper of the Grove
3 Force of Nature
2 Entangling Roots
1 Tranquility
4 Priestess of the Moon
2 Trueshot Aura
2 Searing Arrows
» actions
| Assign group hotkey | 31 | |
| Basic commands | 91 | |
| Build / train | 76 | |
| Enter build submenu | 21 | |
| Enter hero's abilities submenu | 10 | |
| Remove unit from queue | 2 | |
| Right click | 278 | |
| Select / deselect | 283 | |
| Select group hotkey | 394 | |
| Use ability | 48 | |
1234 total
» units
| Wisp | 19 | |
| Huntress | 9 | |
| Hippogryph | 16 | |
| Chimaera | 9 | |
53 total
» upgrades
| Strength of the Wild | 3 | |
| Reinforced Hides | 2 | |
| Corrosive Breath | 1 | |
6 total
» buildings
| Altar of Elders | 1 | |
| Moon Well | 7 | |
| Hunter's Hall | 1 | |
| Ancient of War | 2 | |
| Tree of Life | 2 | |
| Ancient Protector | 1 | |
| Tree of Ages | 1 | |
| Tree of Eternity | 1 | |
| Ancient of Wind | 2 | |
| Chimaera Roost | 3 | |
21 total
» build order
00:11 Altar of Elders
00:26 Moon Well
01:22 Hunter's Hall
01:43 Ancient of War
01:59 Moon Well
02:22 Ancient of War
02:27 Moon Well
03:25 Moon Well
04:48 Tree of Life
05:48 Ancient Protector
06:09 Tree of Ages
07:11 Moon Well
09:12 Tree of Eternity
09:15 Ancient of Wind
09:35 Moon Well
10:36 Moon Well
11:38 Chimaera Roost
12:14 Chimaera Roost
12:18 Chimaera Roost
12:22 Ancient of Wind
19:42 Tree of Life
» items
XxLordDiabloxX (
purple | 105 APM | 2241 actions | 21:16)
5 Archmage
3 Summon Water Elemental
2 Brilliance Aura
4 Firelord
2 Summon Lava Spawn
1 Soul Burn
1 Incinerate
4 Goblin Tinker
1 Pocket Factory
1 Cluster Rockets
2 Engineering Upgrade
» actions
| Assign group hotkey | 48 | |
| Basic commands | 82 | |
| Build / train | 112 | |
| ESC pressed | 12 | |
| Enter build submenu | 26 | |
| Enter hero's abilities submenu | 13 | |
| Give item / drop item | 6 | |
| Right click | 738 | |
| Select / deselect | 447 | |
| Select group hotkey | 647 | |
| Use ability | 109 | |
2241 total
» units
| Peasant | 40 | |
| Footman | 5 | |
| Priest | 2 | |
| Siege Engine | 8 | |
| Flying Machine | 9 | |
64 total
» upgrades
| Masonry | 3 | |
| Lumber Harvesting | 2 | |
| Magic Sentry | 1 | |
| Gunpowder | 3 | |
| Plating | 3 | |
| Barrage | 1 | |
| Animal War Training | 1 | |
| Long Rifles | 1 | |
| Defend | 1 | |
| Flak Cannons | 1 | |
| Flying Machine Bombs | 1 | |
| Sorceress Training | 2 | |
| Priest Training | 2 | |
| Control Magic | 1 | |
| Flare | 1 | |
| Fragmentation Shards | 1 | |
25 total
» buildings
| Altar of Kings | 4 | |
| Farm | 12 | |
| Barracks | 1 | |
| Town Hall | 4 | |
| Keep | 1 | |
| Lumber Mill | 1 | |
| Arcane Vault | 1 | |
| Castle | 1 | |
| Blacksmith | 1 | |
| Arcane Sanctum | 1 | |
| Workshop | 3 | |
30 total
» build order
00:04 Altar of Kings
00:07 Altar of Kings
00:21 Farm
00:22 Barracks
00:51 Farm
01:30 Farm
03:26 Town Hall
03:37 Farm
04:20 Keep
04:44 Lumber Mill
04:55 Arcane Vault
05:53 Farm
05:54 Farm
05:54 Farm
05:55 Farm
06:49 Town Hall
07:52 Farm
07:55 Castle
08:02 Farm
08:03 Farm
09:06 Blacksmith
09:13 Arcane Sanctum
09:55 Farm
10:35 Workshop
10:37 Workshop
10:53 Workshop
13:24 Town Hall
13:52 Altar of Kings
13:53 Altar of Kings
18:43 Town Hall
» items
| Scroll of Regeneration | 1 | |
| Scroll of Town Portal | 3 | |
4 total
JaguaR- (
blue | 112 APM | 2383 actions | 21:16)
5 Paladin
3 Holy Light
2 Devotion Aura
3 Goblin Alchemist
2 Acid Bomb
1 Chemical Rage
» actions
| Assign group hotkey | 30 | |
| Basic commands | 161 | |
| Build / train | 113 | |
| Enter build submenu | 26 | |
| Enter hero's abilities submenu | 8 | |
| Give item / drop item | 3 | |
| Right click | 764 | |
| Select / deselect | 247 | |
| Select group hotkey | 953 | |
| Use ability | 78 | |
2383 total
» units
| Peasant | 29 | |
| Rifleman | 16 | |
| Mortar Team | 7 | |
| Priest | 4 | |
56 total
» upgrades
| Gunpowder | 2 | |
| Armor | 2 | |
| Long Rifles | 1 | |
| Lumber Harvesting | 2 | |
| Masonry | 1 | |
| Priest Training | 2 | |
| Fragmentation Shards | 1 | |
11 total
» buildings
| Farm | 16 | |
| Altar of Kings | 1 | |
| Blacksmith | 1 | |
| Scout Tower | 12 | |
| Barracks | 2 | |
| Arcane Tower | 3 | |
| Arcane Vault | 2 | |
| Lumber Mill | 1 | |
| Town Hall | 3 | |
| Guard Tower | 7 | |
| Keep | 2 | |
| Castle | 2 | |
| Arcane Sanctum | 1 | |
| Workshop | 1 | |
54 total
» build order
00:09 Farm
00:17 Altar of Kings
00:29 Blacksmith
01:16 Farm
01:40 Scout Tower
01:59 Barracks
02:20 Arcane Tower
02:20 Arcane Tower
02:26 Farm
02:33 Farm
02:39 Arcane Vault
03:41 Lumber Mill
04:29 Farm
05:06 Town Hall
05:11 Scout Tower
05:12 Scout Tower
05:14 Scout Tower
05:15 Scout Tower
05:17 Scout Tower
05:40 Guard Tower
05:40 Guard Tower
05:42 Guard Tower
05:42 Guard Tower
05:48 Arcane Tower
06:09 Guard Tower
06:09 Guard Tower
07:06 Keep
07:06 Keep
07:51 Arcane Vault
07:53 Scout Tower
07:53 Scout Tower
07:55 Farm
07:57 Farm
07:57 Farm
08:17 Barracks
09:53 Farm
09:54 Farm
10:10 Farm
10:11 Farm
10:12 Farm
10:17 Farm
10:18 Farm
10:19 Castle
10:19 Castle
10:26 Guard Tower
10:31 Arcane Sanctum
10:33 Workshop
11:48 Farm
14:49 Town Hall
14:51 Scout Tower
14:52 Scout Tower
14:53 Scout Tower
14:54 Scout Tower
21:12 Town Hall
» items
| Scroll of Regeneration | 3 | |
| Lesser Clarity Potion | 1 | |
| Scroll of Town Portal | 6 | |
| Orb of Fire | 6 | |
16 total
Mkay_Harambe (
yellow | 53 APM | 1128 actions | 21:16)
5 Mountain King
2 Storm Bolt
3 Bash
» actions
| Assign group hotkey | 29 | |
| Basic commands | 3 | |
| Build / train | 59 | |
| Enter build submenu | 21 | |
| Enter hero's abilities submenu | 5 | |
| Remove unit from queue | 1 | |
| Right click | 320 | |
| Select / deselect | 162 | |
| Select group hotkey | 475 | |
| Use ability | 53 | |
1128 total
» units
| Peasant | 8 | |
| Rifleman | 17 | |
| Sorceress | 5 | |
| Spell Breaker | 1 | |
| Priest | 1 | |
32 total
» upgrades
| Gunpowder | 3 | |
| Armor | 2 | |
| Long Rifles | 1 | |
| Lumber Harvesting | 1 | |
7 total
» buildings
| Altar of Kings | 2 | |
| Scout Tower | 2 | |
| Farm | 10 | |
| Arcane Tower | 2 | |
| Blacksmith | 1 | |
| Barracks | 1 | |
| Lumber Mill | 1 | |
| Keep | 1 | |
| Arcane Vault | 1 | |
| Arcane Sanctum | 1 | |
| Castle | 1 | |
| Town Hall | 1 | |
24 total
» build order
01:05 Altar of Kings
01:10 Scout Tower
01:16 Farm
01:40 Scout Tower
01:44 Arcane Tower
01:51 Blacksmith
02:09 Arcane Tower
02:27 Barracks
02:44 Farm
03:11 Farm
04:05 Lumber Mill
04:18 Farm
05:14 Farm
05:16 Keep
07:16 Farm
09:10 Arcane Vault
09:30 Arcane Sanctum
09:32 Castle
09:39 Farm
09:41 Farm
10:21 Farm
11:00 Farm
17:07 Town Hall
20:02 Altar of Kings
» items
| Scroll of Regeneration | 5 | |
| Potion of Healing | 1 | |
| Scroll of Town Portal | 2 | |
| Staff of Sanctuary | 1 | |
9 total
Chat log
(00:09 / Allies) BurntOutArchmag: they tri hu
(00:13 / Allies) BurntOutArchmag: i will foot breaker knights tanks
(00:17 / All) Mkay_Harambe: MAGA
(00:18 / Allies) BurntOutArchmag: no caster plz
(00:21 / Allies) BurntOutArchmag: need anti caster
(00:32 / Allies) MovieStar: just need breakers really
(00:34 / Allies) MovieStar: no need tanks
(00:36 / Allies) QWRN: destroyers
(00:38 / Allies) QWRN: then
(00:42 / Allies) QWRN: they anti caster
(00:51 / Allies) BurntOutArchmag: we see
(01:24 / All) Mkay_Harambe: don't rush me. i'm teching
(03:56 / Allies) BurntOutArchmag: WOOD PZL
(07:00 / Allies) BurntOutArchmag: need a to
(09:37 / Allies) BurntOutArchmag: ready?
(09:44 / All) BurntOutArchmag: im so rusty
(09:54 / Allies) BurntOutArchmag: wood?
(10:48 / Allies) BurntOutArchmag: tp green
(11:06 / Allies) BurntOutArchmag: or not...
(11:53 / All) BurntOutArchmag: lol
(12:26 / Allies) BurntOutArchmag: GOLD.
(12:29 / Allies) DanielCormier: stfu
(12:48 / Allies) BurntOutArchmag: you have 4k gold
(12:50 / Allies) BurntOutArchmag: you are an idot
(13:07 / Allies) BurntOutArchmag: suicice now
(13:08 / All) MovieStar: fuck u
(13:18 / All) MovieStar: payback faggot
(13:50 / Allies) BurntOutArchmag: gold me
(13:59 / Allies) MovieStar: towers
(14:21 / All) BurntOutArchmag: rofl wtf
(14:25 / All) Mkay_Harambe: ?
(14:43 / Allies) MovieStar: wood plz
(14:44 / All) Mkay_Harambe: dark ranger did what exactly?
(14:52 / All) BurntOutArchmag: useless
(15:18 / All) QWRN: teals constant bitching and green being the pleb he is makes this hard to play
(15:32 / All) BurntOutArchmag: rofl
(16:01 / All) QWRN: so congrats on an easy win
(16:06 / All) BurntOutArchmag: rofl
(16:06 / All) Mkay_Harambe: thanks
(16:13 / All) MovieStar: feels like 1v4
(16:15 / All) MovieStar: moviestar MVP
(16:28 / All) QWRN: most annoying team I have ever played with
(16:29 / Allies) MovieStar: go
(16:31 / All) XxLordDiabloxX: idk man if you worked on your micro as your work on your trash talk
(16:35 / All) XxLordDiabloxX: you could carry games i bet
(16:38 / All) MovieStar: i own u faggot
(16:47 / All) QWRN: I mean teal bitches like no tomorrow
(16:50 / All) QWRN: and green
(16:53 / All) QWRN: jesus christ
(17:12 / All) QWRN: Green has 8k gold and acts like a nigger
(17:20 / Allies) BurntOutArchmag: i hate green
(17:24 / All) MovieStar: BLACK POWER!!
(17:27 / Allies) BurntOutArchmag: no notiion of teamwork at all
(17:30 / All) MovieStar: green was selfish
(17:31 / All) MovieStar: !!
(17:42 / Allies) MovieStar: were fine
(17:43 / Allies) MovieStar: tbh
(17:48 / Allies) BurntOutArchmag: if green would go w/ me maybe
(17:53 / Allies) MovieStar: go
(18:04 / Allies) MovieStar: omw
(18:13 / All) QWRN: who the fuck cares, since the beginning all you did was complain
(18:15 / Allies) MovieStar: fight
(18:15 / Allies) MovieStar: fight
(18:17 / Allies) BurntOutArchmag: this kid
(18:20 / All) QWRN: so annoying filling chat
(18:42 / Allies) MovieStar: gotm
(18:49 / Allies) BurntOutArchmag: trade plz
(18:53 / Allies) BurntOutArchmag: i am hurt
(18:58 / Allies) MovieStar: stop talking
(19:03 / Allies) BurntOutArchmag: NO ASSHOLE
(19:04 / Allies) QWRN: yeah really teal
(19:09 / Allies) MovieStar: talk way too fucking much
(19:09 / Allies) QWRN: gave me a headache all game
(19:15 / Allies) MovieStar: aklter
(19:16 / Allies) MovieStar: alter
(19:30 / Allies) MovieStar: kotg
(19:30 / Allies) MovieStar: kotg
(19:33 / Allies) MovieStar: tp
(19:34 / Allies) MovieStar: tp
(19:37 / Allies) MovieStar: tp
(19:38 / Allies) MovieStar: tp
(19:38 / Allies) MovieStar: tp
(19:40 / Allies) MovieStar: tp
(19:57 / Allies) BurntOutArchmag: wtf?
(20:09 / Allies) MovieStar: all u do is talk
(20:19 / Allies) BurntOutArchmag: all green does is nothing but farm gld
(20:34 / Allies) BurntOutArchmag: suicid
(20:36 / All) Mkay_Harambe: what does Jesus have to do with this?
(20:47 / Allies) BurntOutArchmag: 6 k gold
(20:50 / Allies) BurntOutArchmag: YOU ARE TRASH GREEN
(20:54 / Allies) MovieStar: ur both terrible
(20:55 / Allies) MovieStar: 2v4
(20:59 / Allies) MovieStar: good try red
(21:06 / All) QWRN: again congrats easy win, teal constantly spammed chat so annoying